 Dungeon Crawl Stone Soup version 0.31-a0-1616-gbeaec30b81 (webtiles) character file.

Game seed: 1270930858834777924

107 Drazool the Cudgeller (level 4, -1/36 HPs)
             Began as a Barachi Fighter on Jan 11, 2024.
             Was a Follower of Uskayaw.
             Slain by an orc
             ... wielding a +0 hand axe
              (5 damage)
             ... on level 3 of the Dungeon.
             The game lasted 00:05:15 (1709 turns).

Drazool the Cudgeller (Barachi Fighter)             Turns: 1709, Time: 00:05:15

Health: -1/36      AC:  8    Str: 19    XL:     4   Next: 85%
Magic:  4/4        EV:  9    Int:  9    God:    Uskayaw [*.....]
Gold:   108        SH:  4    Dex: 11    Spells: 3/3 levels left

rFire   . . .        a - +0 flail
rCold   . . .        c - +0 buckler
rNeg    . . .        b - +0 scale mail
rPois   .            (no helmet)
rElec   .            (no cloak)
rCorr   +            l - +0 pair of gloves
SInv    .            (no boots)
Will    .....        (no amulet) Stlth
                     R - ring of resist corrosion
HPRegen 0.26/turn    (no ring)
MPRegen 0.09/turn

%: no passive effects
@: slow
A: amphibious, slowness 1, strong legs 1, +LOS
a: Hop, Renounce Religion, Stomp


You were on level 3 of the Dungeon.
You worshipped Uskayaw.
Uskayaw was noncommittal.
You visited 1 branch of the dungeon, and saw 3 of its levels.

You collected 108 gold pieces.


Innate Abilities, Weirdness & Mutations

You are amphibious.
You cover ground slowly.
You can hop short distances.
You have an extended range of vision and can be seen from far away.


   Skills:
 - Level 3.6 Fighting
 + Level 5.3 Maces & Flails
 - Level 3.6 Armour
 - Level 3.2 Shields


You had 3 spell levels left.
You didn't know any spells.
Your spell library contained the following spells:

 Spells                   Type           Power      Damage    Failure   Level
 Slow                     Hex            0%         N/A       83%         1
 Confusing Touch          Hex            0%         N/A       99%         3
 Dazzling Flash           Conj/Hex       0%         N/A       99%         3
 Mephitic Cloud           Conj/Alch/Air  0%         N/A       99%         3
 Sigil of Binding         Hex            0%         N/A       99%         3
 Vampiric Draining        Necr           0%         2d6       99%         3
 Curse of Agony           Necr           0%         N/A       100%        5
 Silence                  Hex/Air        0%         N/A       100%        5

Inventory:

Hand Weapons
 a - a +0 flail (weapon)
 u - a +1 falchion of electrocution
Missiles
 q - 6 poisoned darts
Armour
 b - a +0 scale mail (worn)
 c - a +0 buckler (worn)
 l - a +0 pair of gloves (worn)
Jewellery
 R - a ring of resist corrosion (left hand)
Scrolls
 e - a scroll of fog
 h - a scroll of noise {unknown}
 j - a scroll of identify {unknown}
 n - a scroll of fear {unknown}
 p - a scroll of silence {unknown}
 t - a scroll of amnesia {unknown}
Potions
 d - a potion of might
 f - a potion of cancellation {unknown}
 g - 2 potions of lignification {unknown}
 i - a potion of attraction {unknown}
 k - 2 potions of resistance {unknown}
 m - a potion of experience {unknown}
 o - 3 potions of curing {unknown}
 r - a potion of degeneration {unknown}
 s - a potion of heal wounds {unknown}
 v - 2 potions of brilliance {unknown}

Dungeon Overview and Level Annotations

Branches:
Dungeon (3/15)

Altars:
Uskayaw

<†o.#.#.#.# #........#.#
##.o......#.########.#.##
..........#.....).......#
##...#...)###########...#
#...#....##............#
#...#....##.#####.##...#
#...#....##...#.#.##...#
#...#...)####)#{#.###.###
#...#.........o@#.# #...#
#...#...#########.#####.#
#.. #.......# #.
######### #


You could see an orc.


Message History

You closely miss something.
You hear some strange, mumbled words.
A magic dart appears from out of thin air!
The magic dart hits you.
* * * LOW HITPOINT WARNING * * *
The orc closely misses you.
You closely miss something. Something hits you but does no damage.
The orc closely misses you.
You closely miss something.
An orc wizard appears from thin air!
Reactivating autopickup.
The orc wizard hits you but does no damage.
The orc hits you with a +0 hand axe.
* * * LOW HITPOINT WARNING * * *
You sock the orc wizard!
The orc wizard is heavily wounded.
The orc wizard mumbles some strange words.
The orc wizard flickers and vanishes!
Deactivating autopickup; reactivate with Ctrl-A.
The orc barely misses you.
You hit something but do no damage.
You hear some strange, mumbled words.
A magic dart appears from out of thin air!
The magic dart hits you.
* * * LOW HITPOINT WARNING * * *
You block the orc's attack.
Unknown command.
You barely miss the orc.
The orc is moderately wounded.
Something hits you but does no damage. The orc hits you with a +0 hand axe.
You die...

Skill      XL: |  1  2  3  4 |
---------------+-------------+-----
Maces & Flails | 3 4 5 |  5.3
Fighting       | |  3.6
Armour         | |  3.6
Shields        | |  3.2

Action                     |  1- 3 |  4- 6 || total
---------------------------+-------+-------++-------
  Melee: Flail             |   115 |    31 ||   146
  Throw: Dart              |     4 |       ||     4
Ability: Hop               |     2 |     1 ||     3
    Use: Scroll            |     1 |       ||     1
 Armour: Scale mail        |    62 |    44 ||   106
  Dodge: Dodged            |    39 |     9 ||    48
  Block: Buckler           |    16 |     2 ||    18

Levels and vault maps discovered:
D:1:      saegor_arrival_miasma, layout_rooms
D:2:      layout_loops_ring, basic_ecumenical_altar
D:3:      layout_basic, lemuel_tele_altar

Notes
Turn   | Place    | Note
-------+----------+-------------------------------------------
     0 | D:1      | Drazool the Barachi Fighter began the quest for the Orb.
     0 | D:1      | Reached XP level 1. HP: 18/18 MP: 1/1
    89 | D:1      | Reached XP level 2. HP: 24/24 MP: 2/2
    97 | D:1      | Reached skill level 3 in Maces & Flails
   614 | D:2      | Reached XP level 3. HP: 29/29 MP: 3/3
   761 | D:2      | Found a faded altar of an unknown god.
   781 | D:2      | Prayed at the altar of an unknown god.
   781 | D:2      | Became a worshipper of Uskayaw the Reveller
   781 | D:2      | Reached * piety under Uskayaw
   847 | D:2      | Reached skill level 4 in Maces & Flails
  1529 | D:3      | Reached ** piety under Uskayaw
  1533 | D:3      | Reached XP level 4. HP: 14/36 MP: 4/4
  1671 | D:3      | Reached skill level 5 in Maces & Flails
  1709 | D:3      | Slain by an orc

Vanquished Creatures
  2 orc priests (D:3)
  An orc (D:2)
  6 endoplasms
  2 giant cockroaches (D:2)
  4 goblins
  3 hobgoblins
  3 quokkas
  6 ball pythons
  5 bats
  3 frilled lizards
  7 kobolds
  3 rats
45 creatures vanquished.

Table legend: (Time is in decaauts)
 A = Elapsed time spent in this place.
 B = Non-inter-level travel time spent in this place.
 C = Inter-level travel time spent in this place.
 D = Time resting spent in this place.
 E = Time spent auto-exploring this place.
 F = Levels seen in this place.
 G = Mean time per level.
                   A        B        C        D        E       F      G
               +--------+--------+--------+--------+--------+-----+--------+
         Total |   1974 |   1812 |    162 |    159 |   1140 |   3 |  658.0 |
       Dungeon |   1974 |   1812 |    162 |    159 |   1140 |   3 |  658.0 |
               +--------+--------+--------+--------+--------+-----+--------+

Top non-repeatable levels by time:
     D:2: 962 daAuts
     D:1: 692 daAuts
     D:3: 319 daAuts

Table legend:
 A = Non-vault XP
 B = Vault XP
 C = Vault XP percentage of total XP
 D = Non-vault monster count
 E = Vault monster count
 F = Vault count percentage of total count
                 A         B        C        D         E       F
            +---------+---------+-------+---------+---------+-------
      Total |     153 |       0 |   0.0 |      45 |       0 |   0.0
            +---------+---------+-------+---------+---------+-------
        D:1 |      32 |       0 |   0.0 |      21 |       0 |   0.0
        D:2 |      30 |       0 |   0.0 |      18 |       0 |   0.0
        D:3 |      91 |       0 |   0.0 |       6 |       0 |   0.0
            +---------+---------+-------+---------+---------+-------
